 Dungeon Crawl Stone Soup version 0.25-a0-62-g88673ef095 (webtiles) character file.

Game seed: 11602346114358744785, levelgen mode: deterministic

30 Amnesiac the Cutter (level 3, -2/42 HPs)
             Began as a Vampire Berserker on Oct 29, 2019.
             Was a Believer of Trog.
             Slain by Natasha (7 damage)
             ... on level 2 of the Dungeon.
             The game lasted 00:02:21 (493 turns).

Amnesiac the Cutter (Vampire Berserker)              Turns: 493, Time: 00:02:21

Health: -2/42      AC:  2    Str: 22    XL:     3   Next: 3%
Magic:  3/3        EV: 12    Int:  9    God:    Trog [**....]
Gold:   71         SH:  0    Dex: 13    Spells: 2/2 levels left

rFire    . . .     SeeInvis +   a - +0 short sword
rCold    . . .     Gourm    .   (no shield)
rNeg     . . .     Faith    +   b - +0 animal skin
rPois    .         Spirit   .   (no helmet)
rElec    .         Reflect  .   (no cloak)
rCorr    .         Harm     .   (no gloves)
MR       .....                  (no boots)
Stlth    ..........             d - amulet of faith
HPRegen  0.34/turn              (no ring)
MPRegen  0.08/turn              (no ring)

@: berserking, regenerating quickly, very quick
A: no food, fangs 3, see invisible, unbreathing
a: Exsanguinate, Berserk, Trog's Hand, Renounce Religion


You were on level 2 of the Dungeon.
You worshipped Trog.
Trog was pleased with you.
You were alive.

You visited 1 branch of the dungeon, and saw 2 of its levels.

You collected 71 gold pieces.

Inventory:

Hand Weapons
 a - a +0 short sword (weapon)
Missiles
 g - 34 poisoned darts (quivered)
Armour
 b - a +0 animal skin (worn)
Jewellery
 d - an amulet of faith (around neck)
Scrolls
 e - a scroll of amnesia {!r, unknown}
 h - 2 scrolls of teleportation {!r, unknown}
Potions
 c - a potion of resistance {!q, unknown}
 f - a potion of might {!q, unknown}


   Skills:
 - Level 2.6 Fighting
 + Level 4.6 Short Blades
 - Level 1.5 Armour
 - Level 2.1 Dodging


You had 2 spell levels left.
You didn't know any spells.
Your spell library was empty.

Dungeon Overview and Level Annotations

Branches:
Dungeon (2/15)

Altars:

Annotations:
D:2 Natasha


Innate Abilities, Weirdness & Mutations

You do not eat.
Your natural rate of healing is unusually fast.
You have razor-sharp teeth.
You have supernaturally acute eyesight. (SInv)
You can survive without breathing.


Message History

No target in view!
Done exploring.
No target in view!
Done exploring.
No target in view!
Done exploring.
There is a stone staircase leading down here.
You climb downwards.
There is a stone staircase leading up here.
Found a chain mail.
No target in view!
A goblin comes into view. It is wielding a +0 dagger.
The goblin shouts!
You hear an angry hiss.
The goblin hits you with a +0 dagger.
A goblin is nearby!
You barely miss the goblin. The goblin closely misses you.
You closely miss the goblin. The goblin hits you but does no damage.
You hit the goblin.
The goblin is severely wounded.
The goblin hits you with a +0 dagger.
You hit the goblin.
You kill the goblin!
Trog accepts your kill.
You can now call upon Trog for regeneration and magic resistance.
No target in view!
You see here a +0 dagger.
An adder comes into view.
An adder is nearby!
The adder hisses angrily.
An adder is nearby!
You hit the adder. You bite the adder.
The adder is heavily wounded.
The adder misses you.
You puncture the adder!
You kill the adder!
Trog accepts your kill.
You have reached level 3!
Your experience leads to an increase in your attributes!
Increase (S)trength, (I)ntelligence, or (D)exterity?
You feel stronger.
If you were bloodless you could now transform into a vampire bat.
No target in view!
No target in view!
HP restored.
Natasha, Servant of Life and Death comes into view.
Natasha hisses angrily.
Natasha is nearby!
Natasha casts a spell at you. The magic dart hits you.
Natasha stares at you and mumbles some strange words.
The magic dart hits you!
Found a leather armour.
You hit Natasha.
Natasha is heavily wounded.
Natasha casts a spell at you. The magic dart hits you.
* * * LOW HITPOINT WARNING * * *
You hit Natasha.
Natasha is heavily wounded.
Natasha claws you!
* * * LOW HITPOINT WARNING * * *
A red film seems to cover your vision as you go berserk!
You feel yourself moving faster!
You feel mighty! Natasha claws you!
You die...

################
#..............#
#..............#
#..............# #
#..............#
#.#####.####.......#
#.#.....#..........#
#.......#.#...@....#
#####.##....#....h...#
......#######........#
#..#.................#
#......#######.......#
#.......# ........#
##......# ##.......#
##.##..# #....[..#
#.)...# #


You could see Natasha.

Vanquished Creatures
  An adder (D:2)
  A dart slug (D:1)
  2 goblins
  3 hobgoblins (D:1)
  A jackal (D:1)
  2 ball pythons (D:1)
  2 bats (D:1)
  A frilled lizard (D:1)
  2 kobolds (D:1)
  4 rats (D:1)
19 creatures vanquished.

Notes
Turn   | Place    | Note
-------+----------+-------------------------------------------
     0 | D:1      | Amnesiac the Vampire Berserker began the quest for the Orb.
     0 | D:1      | Reached XP level 1. HP: 17/17 MP: 1/1
   160 | D:1      | Reached XP level 2. HP: 16/23 MP: 2/2
   162 | D:1      | Reached skill level 4 in Short Blades
   469 | D:2      | Reached ** piety under Trog
   475 | D:2      | Reached XP level 3. HP: 26/28 MP: 3/3
   486 | D:2      | Noticed Natasha
   493 | D:2      | Slain by Natasha

Levels and vault maps discovered:
D:1:      psy_arrival_dodecagon, layout_rooms, st_stairs_11, moated_statue
D:2:      layout_basic, uniq_natasha

Skill      XL: |  1  2 |
---------------+-------+-----
Short Blades   | 4 |  4.6
Fighting       | |  2.6
Armour         | |  1.5
Dodging        | |  2.1

Action                   || total
-------------------------++-------
Melee: Short sword       ||    65
       Bite              ||     7
Invok: Berserk           ||     1
Armor: Animal skin       ||    23
Dodge: Dodged            ||    47

Table legend:
 A = Non-vault XP
 B = Vault XP
 C = Vault XP percentage of total XP
 D = Non-vault monster count
 E = Vault monster count
 F = Vault count percentage of total count
                 A         B        C        D         E       F
            +---------+---------+-------+---------+---------+-------
      Total |      37 |       6 |  14.0 |      15 |       4 |  21.1
            +---------+---------+-------+---------+---------+-------
        D:1 |      22 |       6 |  21.4 |      13 |       4 |  23.5
        D:2 |      15 |       0 |   0.0 |       2 |       0 |   0.0
            +---------+---------+-------+---------+---------+-------
